 Dungeon Crawl Stone Soup version 0.29-a0-289-g2178c42546 (webtiles) character file.

Game seed: 8726138477411642877

2264 Dabor the Covered (level 9, -4/57 HPs)
             Began as a Gargoyle Fighter on Mar 17, 2022.
             Slain by an orc warlord
             ... wielding a +2 vorpal great sword
              (6 damage)
             ... on level 7 of the Dungeon.
             The game lasted 00:10:01 (4289 turns).

Dabor the Covered (Gargoyle Fighter)                Turns: 4289, Time: 00:10:01

Health: -4/57      AC: 18    Str: 28    XL:     9   Next: 38%
Magic:  9/9        EV: 10    Int:  7    God:
Gold:   28         SH: 10    Dex: 18    Spells: 8/8 levels left

rFire   . . .      SeeInvis +   k - +3 mace (protect)
rCold   x . .      Faith    .   c - +0 buckler
rNeg    + . .      Spirit   .   p - +1 ring mail "Luckiseu" {+Blink rC- Str+4 Dex+3}
rPois   ∞          Reflect  .   (no helmet)
rElec   +          Harm     .   q - +0 cloak
rCorr   .          Rampage  .   (no gloves)
Will    .....                   b - +2 pair of boots
Stlth   +.........              (no amulet)
HPRegen 0.19/turn               j - +6 ring of dexterity
MPRegen 0.11/turn               (no ring)

@: no status effects
A: sickness immunity, AC +6, negative energy resistance 1, electricity
resistance, torment resistance 1, petrification resistance, large bone plates 1,
see invisible, dopey 1
a: Evoke Blink


You were on level 7 of the Dungeon.
You visited 1 branch of the dungeon, and saw 5 of its levels.
You also visited: Bailey.

You collected 100 gold pieces.
You spent 72 gold pieces at shops.

Inventory:

Hand Weapons
 a - a +0 flail
 k - a +3 mace of protection (weapon)
Armour
 b - a +2 pair of boots (worn)
 c - a +0 buckler (worn)
 p - the +1 ring mail "Luckiseu" (worn) {+Blink rC- Str+4 Dex+3}
   (You found it on level 3 of the Dungeon)

   Str:       It affects your strength (+4).
   Dex:       It affects your dexterity (+3).
   rC:        It makes you vulnerable to cold.
   +Blink:    It lets you blink.
 q - a +0 cloak (worn)
Jewellery
 j - a +6 ring of dexterity (left hand)
 s - a +6 ring of intelligence
Wands
 i - a wand of digging (6)
Scrolls
 f - a scroll of fear {unknown}
 h - 2 scrolls of fog
 n - a scroll of noise
Potions
 d - a potion of haste {unknown}
 e - a potion of brilliance
 g - a potion of heal wounds
 o - a potion of cancellation
 u - a potion of flight


   Skills:
 + Level 7.4 Fighting
 + Level 6.3 Maces & Flails
 + Level 7.4 Armour
 + Level 0.5 Dodging
 - Level 7.3 Shields
 + Level 0.7 Evocations


You had 8 spell levels left.
You didn't know any spells.
Your spell library was empty.

Dungeon Overview and Level Annotations

Branches:
Dungeon (7/15)             Bailey (visited)
 Temple: D:4-7

Altars:

Shops:
D:3 *   D:7 !


Innate Abilities, Weirdness & Mutations

You are immune to sickness and miasma.
Your stone body is resilient. (AC +6)
You are immune to poison.
You resist negative energy. (rN+)
You are resistant to electric shocks. (rElec)
You are resistant to unholy torment.
You are immune to petrification.
You are partially covered in large bone plates. (SH +4)
You have supernaturally acute eyesight. (SInv)
You are dopey. (Int -2)


Message History

The orc warlord hits you with a +2 vorpal great sword.
* * * LOW HITPOINT WARNING * * *
x2 The orc warlord roars a battlecry!
There is an open door, spattered with blood here.
Items here: )))))) [[[[[[ ÷÷.
The orc warlord roars a battlecry!
Items here: )))) [[[[ ÷.
There is an open door, spattered with blood here.
Items here: ))) [[[ ÷÷.
There is an open door, spattered with blood here.
Items here: ))))) [[[[[ ††.
The orc warlord roars a battlecry!
The orc warrior goes into a battle-frenzy!
You see here a red potion.
d - a red potion You see here a potion of brilliance.
e - a potion of brilliance You see here a scroll labelled REOBEL ROSO.
f - a scroll labelled REOBEL ROSO You block the orc warlord's attack.
You block the orc warlord's attack.
You see here a potion of heal wounds.
g - a potion of heal wounds You block the orc warlord's attack.
You block the goblin's attack.
The orc warlord attacks as you move away!
The orc warlord hits you but does no damage.
You block the goblin's attack. The gnoll hits you but does no damage.
There is a gate leading back out of this place here.
You block the orc warlord's attack. The goblin hits you but does no damage.
The gnoll barely misses you.
Welcome back to the Dungeon!
There is an empty arch of ancient stone here.
The orc warlord attacks as you move away!
The orc warlord hits you but does no damage.
The gnoll closely misses you. You block the goblin's attack.
You see here a +0 hand axe.
The orc warlord attacks as you move away!
The orc warlord hits you with a +2 vorpal great sword!!
* * * LOW HITPOINT WARNING * * *
You die...

........... #..#.##.........
.####.....>.#)#.#.##.........
#...####.##)#............
#...# ####.##.##.#######
#.......# #. #########.####
#.#.....# #.# #...)..###.#
#.)o@.....# #..gg..#....#
#.....##.#......
#........#.##.###.
#####..#.#.# ## #......#
#.##.### ..# .#


You could see an orc warlord, a gnoll and a goblin.

Vanquished Creatures
  Grinder (D:3)
  A shadow (D:7)
  Menkaure (D:7)
  A water moccasin (D:7)
  9 orc warriors (Bailey)
  An ice beast (D:7)
  A sky beast (D:7)
  A kobold brigand (D:7)
  A bullfrog (D:7)
  A scorpion (D:7)
  A necrophage (D:3)
  2 howler monkeys (D:7)
  Crazy Yiuf (D:3)
  An orc wizard (D:3)
  8 gnolls
  9 adders
  2 dart slugs
  A worm (D:3)
  11 orcs
  4 bats
  4 endoplasms
  8 giant cockroaches
  21 goblins
  6 hobgoblins
  6 jackals
  13 kobolds
  5 quokkas
  9 ball pythons
  4 frilled lizards
  6 rats
140 creatures vanquished.

Vanquished Creatures (others)
  A fungus (D:3)
1 creature vanquished.

Grand Total: 141 creatures vanquished

Notes
Turn   | Place    | Note
-------+----------+-------------------------------------------
     0 | D:1      | Dabor the Gargoyle Fighter began the quest for the Orb.
     0 | D:1      | Reached XP level 1. HP: 14/14 MP: 1/1
   185 | D:1      | Reached XP level 2. HP: 19/19 MP: 2/2
   557 | D:1      | Reached XP level 3. HP: 22/23 MP: 3/3
   978 | D:2      | Reached XP level 4. HP: 29/29 MP: 4/4
  1570 | D:3      | Found a runed translucent door.
  1571 | D:3      | Noticed Crazy Yiuf
  1608 | D:3      | Identified the +1 ring mail "Luckiseu" {+Blink rC- Str+4
                  | Dex+3}
  1693 | D:3      | Killed Crazy Yiuf
  1757 | D:3      | Noticed Grinder
  1772 | D:3      | Paralysed by Grinder for 7 turns
  1785 | D:2      | Reached XP level 5. HP: 4/33 MP: 5/5
  2051 | D:3      | Paralysed by Grinder for 3 turns
  2145 | D:3      | Paralysed by Grinder for 4 turns
  2159 | D:3      | Paralysed by Grinder for 3 turns
  2163 | D:3      | Killed Grinder
  2164 | D:3      | Reached XP level 6. HP: 15/39 MP: 6/6
  2414 | D:3      | Reached skill level 5 in Fighting
  2414 | D:3      | Reached skill level 5 in Armour
  2414 | D:3      | Reached skill level 5 in Shields
  2502 | D:3      | Found Taonoicu's Assorted Antiques.
  2521 | D:3      | Reached XP level 7. HP: 44/44 MP: 7/7
  2834 | D:3      | Found a faded altar of an unknown god.
  3261 | D:4      | You fall into a shaft and drop 3 floors!
  3420 | D:7      | Noticed Menkaure
  3428 | D:7      | Killed Menkaure
  3429 | D:7      | Reached XP level 8. HP: 28/51 MP: 8/8
  3433 | D:7      | Found Dosch's Distillery.
  3446 | D:7      | Reached skill level 5 in Maces & Flails
  3460 | D:7      | Bought a potion of flight for 36 gold pieces
  3460 | D:7      | Bought a potion of curing for 36 gold pieces
  3492 | D:7      | Found a flagged portal.
  3492 | D:7      | Noticed a shadow
  3504 | D:7      | Killed a shadow
  3593 | Bailey   | Entered a bailey
  3928 | Bailey   | Reached XP level 9. HP: 37/56 MP: 9/9
  4186 | Bailey   | Noticed an orc warlord
  4193 | Bailey   | Gained mutation: You are dopey. (Int -2) [potion of
                  | mutation]
  4193 | Bailey   | Gained mutation: You have supernaturally acute eyesight.
                  | (SInv) [potion of mutation]
  4193 | Bailey   | Gained mutation: You are partially covered in large bone
                  | plates. (SH +4) [potion of mutation]
  4289 | D:7      | HP: 2/57 [orc warlord/+2 vorpal great sword (20)]
  4289 | D:7      | Slain by an orc warlord

Illustrated notes

Levels and vault maps discovered:
D:1:      ebering_trefoil_3fold, layout_loops_cross, minmay_misc_feat_five
D:2:      layout_rooms, serial_rivers, chequers_serial_rivers_micro_b,
          chequers_serial_rivers_micro_a, chequers_serial_rivers_small_a,
          chequers_serial_rivers_room_a, chequers_serial_rivers_room_b,
          kennysheep_generic_room_10
D:3:      layout_basic, serial_shops, nicolae_shop_overgrown_old_shop,
          ebering_ecumenical_altar_sacrificial, uniq_grinder,
          uniq_crazy_yiuf_cottage
D:4:      minmay_evil_eye, layout_basic, minmay_temple_entry_enclosed_plants
D:7:      layout_loops_cross, enter_bailey_2, serial_shops,
          nicolae_shop_temple_entry_statues_fountains, uniq_menkaure

Skill      XL: |  1  2  3  4  5  6  7  8  9 |
---------------+----------------------------+-----
Armour         | 4 5 6 7 |  7.4
Fighting       | 4 5 6 7 |  7.4
Shields        | 4 5 6 7 |  7.3
Maces & Flails | 3 4 5 6 |  6.3
Dodging        | |  0.5
Evocations     | |  0.7

Action                   |  1- 3 |  4- 6 |  7- 9 || total
-------------------------+-------+-------+-------++-------
Melee: Flail             |    73 |       |       ||    73
       Mace              |    16 |   114 |   265 ||   395
 Abil: Evoke Blink       |       |       |     2 ||     2
  Use: Scroll            |       |     4 |     7 ||    11
       Potion            |       |     1 |     7 ||     8
Armor: Scale mail        |    79 |    44 |       ||   123
       Ring mail         |       |    48 |   124 ||   172
Dodge: Dodged            |    37 |    58 |   108 ||   203
Block: Buckler           |    24 |    28 |   102 ||   154

Table legend: (Time is in decaauts)
 A = Elapsed time spent in this place.
 B = Non-inter-level travel time spent in this place.
 C = Inter-level travel time spent in this place.
 D = Time resting spent in this place.
 E = Time spent auto-exploring this place.
 F = Levels seen in this place.
 G = Mean time per level.
                   A        B        C        D        E       F      G
               +--------+--------+--------+--------+--------+-----+--------+
         Total |   4406 |   4236 |    170 |   1016 |   1975 |   6 |  734.3 |
       Dungeon |   3697 |   3527 |    170 |    614 |   1950 |   5 |  739.4 |
        Bailey |    708 |    708 |      0 |    402 |     25 |   1 |  708.0 |
               +--------+--------+--------+--------+--------+-----+--------+

Top non-repeatable levels by time:
     D:2: 1187 daAuts
     D:3: 971 daAuts
     D:1: 892 daAuts
  Bailey: 708 daAuts
     D:7: 357 daAuts
     D:4: 288 daAuts
